 Dungeon Crawl Stone Soup version 0.28-a0-1415-g7c84da036a (webtiles) character file.

Game seed: 2252753602408191253

6651 SensoryNuts the Carver (level 10, -2/76 HPs)
             Began as a Demonspawn Fighter on Jan 8, 2022.
             Was a High Priest of Nemelex Xobeh.
             Slain by a two-headed ogre (25 damage)
             ... on level 10 of the Dungeon.
             The game lasted 00:15:17 (7998 turns).

SensoryNuts the Carver (Demonspawn Fighter)         Turns: 7998, Time: 00:15:18

Health: -2/76      AC: 10    Str: 23    XL:     10   Next: 72%
Magic:  10/10      EV:  9    Int: 16    God:    Nemelex Xobeh [*****.]
Gold:   500        SH: 10    Dex: 12    Spells: 9/9 levels left

rFire   . . .      SeeInvis .   c - +7 Singing Sword {vorpal, sonic wave}
rCold   . . .      Faith    .   u - +1 kite shield
rNeg    . . .      Spirit   .   b - +0 scale mail
rPois   .          Reflect  .   (helmet restricted)
rElec   .          Harm     .   (no cloak)
rCorr   .          Rampage  .   (no gloves)
Will    ++...                   (no boots)
Stlth   ..........              m - amulet of regeneration
HPRegen 1.02/turn               l - ring of willpower
MPRegen 0.12/turn               t - +6 ring of intelligence

@: no status effects
A: antennae 1, slimy green scales 2, demonic guardian 1, foul stench 1,
strong-willed 1, strong 1
a: Renounce Religion, Draw Escape, Draw Destruction, Draw Summoning, Triple
Draw, Deal Four, Stack Five


You were on level 10 of the Dungeon.
You worshipped Nemelex Xobeh.
Nemelex Xobeh was extremely pleased with you.
You visited 2 branches of the dungeon, and saw 11 of its levels.

You collected 500 gold pieces.

Inventory:

Hand Weapons
 a - a +0 long sword
 c - the +7 Singing Sword (weapon) {vorpal, sonic wave}
   (You acquired it on level 5 of the Dungeon)

   It inflicts extra damage upon your enemies.
   It radiates damaging sonic waves as it strikes, especially in combat
   involving dangerous or numerous foes.
 g - the +5 spear of Righteous Anger {vorpal, rPois Dex+2}
   (You found it on level 5 of the Dungeon)

   It inflicts extra damage upon your enemies.
   Dex:       It affects your dexterity (+2).
   rPois:     It protects you from poison.
Missiles
 z - a throwing net (quivered)
Armour
 b - a +0 scale mail (worn)
 k - a scarf of invisibility
 u - a +1 kite shield (worn)
Jewellery
 d - a ring of protection from fire
 e - an amulet of faith
 l - a ring of willpower (left hand)
 m - an amulet of regeneration (around neck)
 t - a +6 ring of intelligence (right hand)
 y - an amulet of guardian spirit
Wands
 h - a wand of iceblast (10)
 p - a wand of flame (19)
 s - a wand of charming (13)
 v - a wand of polymorph (14)
 w - a wand of paralysis (17)
 x - a wand of mindburst (14)
Scrolls
 i - 4 scrolls of teleportation
 j - 2 scrolls of fog
 o - 2 scrolls of immolation
 r - a scroll of magic mapping
Potions
 n - a potion of curing
 q - 4 potions of brilliance
Miscellaneous
 f - a phial of floods


   Skills:
 + Level 6.2 Fighting
 * Level 11.2 Long Blades
 - Level 0.6 Polearms
 + Level 6.8 Armour
 + Level 3.7 Dodging
 + Level 1.0 Stealth
 + Level 5.4 Shields


You had 9 spell levels left.
You didn't know any spells.
Your spell library contained the following spells:

 Spells                   Type           Power      Damage    Failure   Level
 Passwall                 Tmut/Erth      0%         N/A       94%         2
 Portal Projectile        Hex/Tloc       0%         N/A       99%         3
 Swiftness                Air            0%         N/A       99%         3
 Blade Hands              Tmut           0%         N/A       100%        5
 Excruciating Wounds      Necr           0%         N/A       100%        5


Dungeon Overview and Level Annotations

Branches:
Dungeon (10/15)            Temple (1/1) D:6
   Lair: D:8-11         Orc: D:9-12

Altars:
Ashenzari
Cheibriados
Dithmenos
Elyvilon
Fedhas
Gozag
Hepliaklqana
Kikubaaqudgha
Makhleb
Nemelex Xobeh
Okawaru
Qazlal
Ru
Sif Muna
Trog
Uskayaw
Vehumet
Wu Jian
Xom
Yredelemnul
Zin
The Shining One

Shops:
D:9 (**[[


Innate Abilities, Weirdness & Mutations

You have a pair of small antennae on your head.
You are mostly covered in slimy green scales. (AC +3)
A weak demonic guardian rushes to your aid.
You may rarely emit foul miasma when damaged in melee.
You are strong-willed. (Will+)
Your muscles are strong. (Str +2)


Message History

Joseph hits you but does no damage.
You hit Joseph.
Joseph is lightly wounded.
You block Joseph's attack.
You slice Joseph!!
Joseph is severely wounded.
Joseph barely misses you.
You barely miss Joseph.
Joseph is severely wounded.
Joseph hits you with a +0 quarterstaff! x2
You slice Joseph!!
You kill Joseph!
No target in view!
No target in view!
HP restored.
Items here: ( )) [.
A two-headed ogre comes into view.
It is wielding a +0 giant club and a +0 giant spiked club.
Found 28 gold pieces.
The two-headed ogre shouts in stereo!
A two-headed ogre is nearby!
You hit the two-headed ogre.
The Singing Sword howls.
You send a blast of sound all around you.
The two-headed ogre is blasted.
The two-headed ogre is moderately wounded. x2
The two-headed ogre hits you with a +0 giant club!!
The two-headed ogre hits you with a +0 giant spiked club!
You slash the two-headed ogre!
The two-headed ogre is heavily wounded.
The two-headed ogre hits you with a +0 giant club.
The two-headed ogre hits you with a +0 giant spiked club!
* * * LOW HITPOINT WARNING * * *
You are too injured to fight recklessly!
You are too injured to fight recklessly!
You are too injured to fight recklessly!
You draw a card...
You have drawn the Cloud.
Clouds appear around you! The two-headed ogre closely misses you.
The two-headed ogre hits you with a +0 giant spiked club!!
You die...
Your body glows with a rainbow of weird colours and disappears.

#........##
##.......
#.........#
#.....##
####.........##
##.####
$............#
###
............#
#..........#
#§§§....... #
#§O§......# ##
###@###### ##.
#....#### #..
#..###...###
##.. #...#
###...######...
#.$.#
###..........
#...#
#...###....
...# #.<##
##... ..# #...#
##.. #..## ##.


You could see a two-headed ogre.

Vanquished Creatures
  A two-headed ogre (D:9)
  Joseph (D:10)
  An unseen horror (D:10)
  2 kobold demonologists (D:9)
  A wyvern (D:8)
  4 yaks (D:8)
  2 orc warriors (D:8)
  3 ogres
  2 black bears
  2 necrophages
  2 centaurs (D:8)
  A kobold brigand (D:8)
  Blork the orc (D:5)
  A bullfrog (D:6)
  A scorpion (D:6)
  9 killer bees (D:7)
  6 wights
  A vampire bat (D:6)
  A bullfrog zombie (D:6)
  3 jellies
  3 orc priests (D:6)
  A centaur skeleton (D:6)
  An iguana (D:4)
  14 orc wizards (D:8)
  A howler monkey zombie (D:7)
  2 gnolls
  5 adders
  2 shadow imps
  A white imp (D:7)
  2 worms
  3 dart slugs
  14 orcs
  3 bat skeletons (D:6)
  3 bat zombies (D:6)
  4 endoplasms
  2 giant cockroaches
  3 goblins
  4 hobgoblins
  3 quokkas
  7 ball pythons
  4 bats (D:2)
  5 frilled lizards
  17 kobolds
  3 rats
152 creatures vanquished.

Vanquished Creatures (collateral kills)
  A boulder beetle (D:9)
  2 swamp worms (D:7)
  An ogre (D:3)
  A kobold brigand (D:7)
  2 bullfrogs
  A gnoll sergeant (D:9)
  3 killer bees (D:9)
  2 wights (D:9)
  3 orc priests
  2 orc wizards
  2 gnolls (D:9)
  10 orcs
  4 kobolds (D:7)
34 creatures vanquished.

Vanquished Creatures (others)
  4 plants (D:7)
4 creatures vanquished.

Grand Total: 190 creatures vanquished

Notes
Turn   | Place    | Note
-------+----------+-------------------------------------------
     0 | D:1      | SensoryNuts the Demonspawn Fighter began the quest for the
                  | Orb.
     0 | D:1      | Reached XP level 1. HP: 18/18 MP: 1/1
   395 | D:1      | Found a faded altar of an unknown god.
   401 | D:1      | Gained mutation: You may rarely emit foul miasma when
                  | damaged in melee. [demonic ancestry]
   401 | D:1      | Reached XP level 2. HP: 15/24 MP: 2/2
   411 | D:1      | Prayed at the altar of an unknown god.
   411 | D:1      | Became a worshipper of Nemelex Xobeh the Trickster
   411 | D:1      | Reached * piety under Nemelex Xobeh
   411 | D:1      | Received a gift from Nemelex Xobeh
  1137 | D:2      | Reached XP level 3. HP: 23/29 MP: 3/3
  1352 | D:2      | Reached skill level 2 in Long Blades
  2009 | D:3      | Found a broken altar of Ashenzari.
  2072 | D:3      | Noticed an ogre
  2079 | D:3      | Reached XP level 4. HP: 29/35 MP: 4/4
  2097 | D:3      | Found a snail-covered altar of Cheibriados.
  2121 | D:3      | Reached ** piety under Nemelex Xobeh
  2158 | D:3      | Killed an ogre
  2159 | D:3      | Reached skill level 3 in Long Blades
  2159 | D:3      | Gained mutation: You are partially covered in slimy green
                  | scales. (AC +2) [demonic ancestry]
  2159 | D:3      | Reached XP level 5. HP: 26/41 MP: 5/5
  2366 | D:3      | Found a bloodstained altar of Trog.
  2669 | D:3      | Gained mutation: You have a pair of small horns on your
                  | head. [potion of mutation]
  2669 | D:3      | Gained mutation: You are strong-willed. (Will+) [potion of
                  | mutation]
  2669 | D:3      | Gained mutation: Your muscles are strong. (Str +2) [potion
                  | of mutation]
  2760 | D:4      | Noticed a black bear
  2781 | D:4      | Killed a black bear
  2782 | D:4      | Reached skill level 4 in Long Blades
  2782 | D:4      | Reached skill level 1 in Dodging
  2782 | D:4      | Gained mutation: You are mostly covered in slimy green
                  | scales. (AC +3) [demonic ancestry]
  2782 | D:4      | Reached XP level 6. HP: 35/48 MP: 6/6
  2976 | D:4      | Reached *** piety under Nemelex Xobeh
  3030 | D:4      | Found a hazy altar of Hepliaklqana.
  3031 | D:4      | Received a gift from Nemelex Xobeh
  3702 | D:5      | Entered Level 5 of the Dungeon
  3702 | D:5      | Found a shadowy altar of Dithmenos.
  3795 | D:5      | Reached XP level 7. HP: 29/54 MP: 7/7
  3801 | D:5      | Identified the +5 spear of Righteous Anger {vorpal, rPois
                  | Dex+2}
  3836 | D:5      | Received a gift from Nemelex Xobeh
  3856 | D:5      | Noticed Blork the orc
  3865 | D:5      | Killed Blork the orc
  3874 | D:5      | Found a hide-covered altar of Uskayaw.
  4063 | D:5      | Found a blossoming altar of Fedhas.
  4141 | D:5      | Reached skill level 5 in Long Blades
  4422 | D:5      | Identified a scroll of acquirement
  4422 | D:5      | Acquired the +7 Singing Sword {vorpal, sonic wave}
  4422 | D:5      | Found the +7 Singing Sword {vorpal, sonic wave}
  4479 | D:6      | Found a staircase to the Ecumenical Temple.
  4519 | Temple   | Entered the Ecumenical Temple
  4676 | D:6      | Gained mutation: A weak demonic guardian rushes to your
                  | aid. [demonic ancestry]
  4676 | D:6      | Reached XP level 8. HP: 57/61 MP: 8/8
  4740 | D:6      | Reached skill level 6 in Long Blades
  4740 | D:6      | Reached skill level 5 in Armour
  4882 | D:6      | Reached **** piety under Nemelex Xobeh
  4882 | D:6      | Received a gift from Nemelex Xobeh
  4915 | D:6      | Found an ancient bone altar of Kikubaaqudgha.
  5369 | D:7      | HP: 1/61 [swamp worm/harpoon shot (15)]
  5384 | D:7      | HP: 3/61 [swamp worm (15)]
  5386 | D:7      | Reached skill level 7 in Long Blades
  5386 | D:7      | Reached skill level 1 in Stealth
  5653 | D:7      | Found an iron altar of Okawaru.
  5716 | D:7      | Reached XP level 9. HP: 9/67 MP: 9/9
  5992 | D:7      | Found a shimmering altar of Xom.
  6106 | D:8      | Reached skill level 5 in Fighting
  6148 | D:8      | You fall into a shaft and drop 1 floor!
  6156 | D:9      | Received a gift from Nemelex Xobeh
  6269 | D:9      | Noticed a boulder beetle
  6282 | D:9      | Killed a boulder beetle
  6283 | D:9      | Reached skill level 8 in Long Blades
  6324 | D:9      | Found Suthiod's Armour Shoppe.
  6324 | D:9      | Found Tudaahuudyn's Assorted Antiques.
  6325 | D:9      | Found Vuin's Antique Armour Shoppe.
  6325 | D:9      | Found Noczarphe's General Store.
  6495 | D:8      | Reached skill level 9 in Long Blades
  6651 | D:8      | Received a gift from Nemelex Xobeh
  6685 | D:8      | Reached skill level 5 in Shields
  6782 | D:8      | Lost mutation: You have a pair of small horns on your head.
                  | [demonic ancestry]
  6782 | D:8      | Gained mutation: You have a pair of small antennae on your
                  | head. [demonic ancestry]
  6782 | D:8      | Reached XP level 10. HP: 56/74 MP: 10/10
  6842 | D:8      | Reached skill level 10 in Long Blades
  7289 | D:9      | Found Noteonyg's Weapon Shoppe.
  7384 | D:9      | Reached ***** piety under Nemelex Xobeh
  7384 | D:9      | Noticed a soul eater
  7385 | D:9      | Noticed a soul eater
  7385 | D:9      | Noticed an orange demon
  7528 | D:9      | Noticed a two-headed ogre
  7533 | D:9      | Killed a two-headed ogre
  7816 | D:10     | Entered Level 10 of the Dungeon
  7866 | D:10     | Reached skill level 11 in Long Blades
  7887 | D:10     | Noticed Joseph
  7896 | D:10     | Killed Joseph
  7992 | D:10     | Noticed a two-headed ogre
  7998 | D:10     | Slain by a two-headed ogre

Illustrated notes

Levels and vault maps discovered:
D:1:      dpeg_chamrin_arrival_tetris, layout_basic, basic_ecumenical_altar,
          minmay_tall_x
D:2:      layout_basic, moated_statue, nrook_campfire
D:3:      layout_loops_cross, mainiacjoe_overflow_concentric_impassable,
          old_standard_altar, nicolae_overflow_hidden_temple,
          minmay_joined_circles
D:4:      layout_gridville, amcnicky_altar_gilded
D:5:      layout_basic, mainiacjoe_overflow_catch_the_wave, old_standard_altar,
          corexii_corridor_pit, uniq_blork_the_orc
D:6:      layout_loops_ring, kennysheep_vampire_church, minmay_temple_entry_mist
D:7:      layout_rooms, mainiacjoe_overflow_surrounded_room,
          lemuel_coloured_pillars_altar, worms_lemuel
D:8:      minmay_flawed_box, layout_gridville
D:9:      layout_loops_ring, serial_shops, nicolae_shop_crystal,
          minmay_shop_grid_forest
D:10:     layout_cave_pods, lair_entry_dummy, ebering_ghost_rock_garden,
          kennysheep_cluttered_room, uniq_joseph
Temple:   nicolae_temple_x_marks_the_god

Skill      XL: |  1  2  3  4  5  6  7  8  9 10 |
---------------+-------------------------------+-----
Armour         | 3 4 5 6 |  6.8
Shields        | 3 4 5 |  5.4
Long Blades    | 2 3 4 5 7 9 11 | 11.2
Dodging        | 1 2 3 |  3.7
Fighting       | 4 5 6 |  6.2
Stealth        | 1 |  1.0
Polearms       | |  0.6

Action                   |  1- 3 |  4- 6 |  7- 9 | 10-12 || total
-------------------------+-------+-------+-------+-------++-------
Melee: Long sword        |    90 |   102 |       |       ||   192
       Headbutt          |       |    15 |    23 |       ||    38
       Double sword      |       |       |   126 |    39 ||   165
       Spear             |       |       |    14 |       ||    14
Invok: Draw Summoning    |       |     2 |     5 |     2 ||     9
       Draw Escape       |       |     1 |       |     2 ||     3
       Draw Destruction  |       |       |     1 |     3 ||     4
  Use: Scroll            |     3 |     7 |     6 |       ||    16
       Potion            |     2 |     2 |     3 |     1 ||     8
Armor: Scale mail        |    46 |    52 |    95 |    21 ||   214
Dodge: Dodged            |    44 |    51 |    68 |    10 ||   173
Block: Buckler           |    20 |    25 |     1 |       ||    46
       Kite shield       |       |       |   107 |    19 ||   126

Table legend: (Time is in decaauts)
 A = Elapsed time spent in this place.
 B = Non-inter-level travel time spent in this place.
 C = Inter-level travel time spent in this place.
 D = Time resting spent in this place.
 E = Time spent auto-exploring this place.
 F = Levels seen in this place.
 G = Mean time per level.
                   A        B        C        D        E       F      G
               +--------+--------+--------+--------+--------+-----+--------+
         Total |   8127 |   7609 |    518 |     25 |   6163 |  11 |  738.8 |
       Dungeon |   8041 |   7543 |    498 |     25 |   6103 |  10 |  804.1 |
        Temple |     85 |     65 |     20 |      0 |     60 |   1 |   85.0 |
               +--------+--------+--------+--------+--------+-----+--------+

Top non-repeatable levels by time:
     D:1: 1137 daAuts
     D:4: 1010 daAuts
     D:8: 991 daAuts
     D:2: 892 daAuts
     D:7: 805 daAuts
     D:9: 784 daAuts
     D:6: 765 daAuts
     D:5: 752 daAuts
     D:3: 715 daAuts
    D:10: 185 daAuts
  Temple: 85 daAuts
